 Dungeon Crawl Stone Soup version 0.24-a0-784-g601f8f6d22 (webtiles) character file.

Game seed: 14120821866706658474, levelgen mode: deterministic

129 Gargoyl the Skirmisher (level 4, -1/38 HPs)
             Began as a Centaur Abyssal Knight on Oct 9, 2019.
             Was a Believer of Lugonu.
             Slain by a gnoll
             ... wielding a +0 spear
              (6 damage)
             ... on level 3 of the Dungeon.
             The game lasted 00:03:42 (3174 turns).

Gargoyl the Skirmisher (Centaur Abyssal Knight)     Turns: 3174, Time: 00:03:43

Health: -1/38      AC:  6    Str: 16    XL:     4   Next: 88%
Magic:  5/5        EV: 14    Int: 16    God:    Lugonu [**....]
Gold:   150        SH:  4    Dex: 15    Spells: 3/3 levels left

rFire    + . .     SeeInvis .   a - +1 hand axe
rCold    x . .     Gourm    .   (no shield)
rNeg     . . .     Faith    .   j - +0 ring mail
rPois    .         Spirit   .   (no helmet)
rElec    .         Reflect  +   (no cloak)
rCorr    .         Harm     .   (no gloves)
MR       .....                  (no barding)
Stlth    +.........             g - +4 amulet of reflection
HPRegen  0.12/turn              k - +2 ring of strength
MPRegen  0.09/turn              m - ring of fire

@: brilliant, agile, very quick
A: large, hooves 3, deformed body, speed 2, tough skin 3
a: Depart the Abyss, Bend Space, Renounce Religion


You were on level 3 of the Dungeon.
You worshipped Lugonu.
Lugonu was pleased with you.
You were hungry.

You visited 1 branch of the dungeon, and saw 3 of its levels.
You visited the Abyss 1 time.

You collected 150 gold pieces.

Inventory:

Hand Weapons
 a - a +1 hand axe (weapon)
 q - a +0 war axe
Armour
 b - a +0 leather armour
 j - a +0 ring mail (worn)
Jewellery
 g - a +4 amulet of reflection (around neck)
 k - a +2 ring of strength (left hand)
 m - a ring of fire (right hand)
 n - an uncursed amulet of rage {unknown}
Scrolls
 d - a scroll of identify {unknown}
 e - 2 scrolls of enchant armour {unknown}
 h - a scroll of teleportation {unknown}
 l - a scroll of remove curse {unknown}
 o - a scroll of magic mapping {unknown}
Potions
 f - 2 potions of brilliance
Comestibles
 c - 5 rations


   Skills:
 + Level 3.5 Fighting
 + Level 2.3 Axes
 * Level 2.6 Armour
 * Level 1.3 Dodging
 * Level 2.6 Invocations


You had 3 spell levels left.
You didn't know any spells.
Your spell library was empty.

Dungeon Overview and Level Annotations

Branches:
Dungeon (3/15)

Altars:
The Shining One


Innate Abilities, Weirdness & Mutations

You have hooves in place of feet.
Armour fits poorly on your strangely shaped body.
You cover ground very quickly.
You have extremely tough skin. (AC +3)


Message History

You block the gnoll's attack. The gnoll hits you but does no damage.
The gnoll hits you from afar with a +0 spear.
* * * LOW HITPOINT WARNING * * *
The gnoll hits you but does no damage. You block the gnoll's attack.
Your transformation is almost over.
The gnoll hits you but does no damage. The gnoll hits you but does no damage.
The gnoll hits you but does no damage. You block the gnoll's attack.
You block the gnoll's attack. The gnoll hits you but does no damage.
The gnoll hits you from afar with a +0 spear.
* * * LOW HITPOINT WARNING * * *
The gnoll hits you but does no damage.
You feel less wooden.
Your +0 ring mail unmelds from your body.
The gnoll hits you from afar with a +0 spear.
You die...

#.##### #.....######
#........... #.....###### .#
#.##.###### #.#
#######.#.......# #.#
#.g.....#..####.# #####.#
#.###.#.#.......# #.....#
#@##............# #.....#
#.##............# #.....#
#.##............# #.....#
#.........#######
######.....####################
#<........>...................#
##########.....................
#######.#############. #.# #.


You could see a gnoll.

Vanquished Creatures
  An orc wizard (D:3)
  A worker ant zombie (D:3)
  A gnoll (D:3)
  2 adders (D:2)
  A worm (D:2)
  2 leopard geckos (D:2)
  3 orcs (D:3)
  7 bats
  5 giant cockroaches
  10 goblins
  5 hobgoblins (D:1)
  4 quokkas
  4 frilled lizards
  6 kobolds
  4 rats
56 creatures vanquished.

Vanquished Creatures (others)
  A frilled lizard (D:1)
  A kobold (D:1)
2 creatures vanquished.

Grand Total: 58 creatures vanquished

Notes
Turn   | Place    | Note
-------+----------+-------------------------------------------
     0 | Abyss:1  | Gargoyl the Centaur Abyssal Knight began the quest for the
                  | Orb.
     0 | Abyss:1  | Reached XP level 1. HP: 19/19 MP: 2/2
    63 | Abyss:1  | Noticed a wretched star
   149 | Abyss:1  | Noticed a small abomination
   150 | D:1      | Escaped the Abyss
   704 | D:1      | Reached XP level 2. HP: 26/26 MP: 3/3
  1121 | D:1      | Reached skill level 1 in Dodging
  1123 | D:1      | Reached * piety under Lugonu
  1537 | D:2      | Reached XP level 3. HP: 31/31 MP: 4/4
  1899 | D:2      | Found a glowing golden altar of the Shining One.
  2456 | D:3      | Reached XP level 4. HP: 38/38 MP: 5/5
  3084 | D:3      | Reached ** piety under Lugonu
  3174 | D:3      | Slain by a gnoll

Levels and vault maps discovered:
D:1:      nicolae_arrival_somewhat_less_tricky_arrival, layout_basic,
          lemuel_flame_loot_1
D:2:      layout_loops_ring, tso_altar, first_ration
D:3:      layout_basic

Skill      XL: |  1  2  3 |
---------------+----------+-----
Axes           | 2 |  2.3
Dodging        | 1 |  1.3
Armour         | 2 |  2.6
Fighting       | |  3.5
Invocations    | |  2.6

Action                   |  1- 3 |  4- 6 || total
-------------------------+-------+-------++-------
Melee: Hand axe          |   127 |    50 ||   177
       Kick              |    15 |    14 ||    29
Invok: Depart the Abyss  |     1 |       ||     1
  Use: Potion            |       |     4 ||     4
  Eat: Chunk             |     4 |     1 ||     5
Armor: Leather armour    |    12 |       ||    12
       Ring mail         |    31 |    28 ||    59
       Skin              |       |    13 ||    13
Dodge: Dodged            |    57 |    22 ||    79
Block: Other             |    13 |    14 ||    27
       Reflection        |       |     1 ||     1

Table legend:
 A = Non-vault XP
 B = Vault XP
 C = Vault XP percentage of total XP
 D = Non-vault monster count
 E = Vault monster count
 F = Vault count percentage of total count
                 A         B        C        D         E       F
            +---------+---------+-------+---------+---------+-------
      Total |     185 |       0 |   0.0 |      56 |       0 |   0.0
            +---------+---------+-------+---------+---------+-------
        D:1 |      40 |       0 |   0.0 |      25 |       0 |   0.0
        D:2 |      55 |       0 |   0.0 |      14 |       0 |   0.0
        D:3 |      90 |       0 |   0.0 |      17 |       0 |   0.0
            +---------+---------+-------+---------+---------+-------
